 Dungeon Crawl Stone Soup version 0.18-a0-1312-gf98331d (webtiles) character file.

81 RedPan the Poker (level 4, 0/33 HPs)
             Began as a Merfolk Skald on Feb 14, 2016.
             Succumbed to an adder's poison
             ... on level 2 of the Dungeon.
             The game lasted 00:03:55 (2539 turns).

RedPan the Poker (Merfolk Skald)                    Turns: 2539, Time: 00:03:56

Health: 0/33       AC:  2    Str: 12    XL:     4   Next: 40%
Magic:  4/7        EV: 12    Int:  9    God:
Gold:   52         SH:  0    Dex: 14    Spells: 3 memorised, 2 levels left

rFire  . . .     SeeInvis .     a - +0 spear
rCold  . . .     Gourm    .     f - +0 robe
rNeg   . . .     Faith    .     (no shield)
rPois  .         Spirit   .     (no helmet)
rElec  .         Dismiss  .     (no cloak)
rCorr  .         Reflect  .     (no gloves)
SustAt .         Harm     .     (no boots)
MR     .....                    l - amulet of inaccuracy (curse)
Stlth  +.........               (no ring)
                                h - -2 ring of intelligence (curse)

@: lethally poisoned (0 -> -25), infused (expiring), not resistant to hostile
enchantments, very unstealthy
A: change form in water, swift swim
a: no special abilities


You were on level 2 of the Dungeon.
You were hungry.

You visited 1 branch of the dungeon, and saw 2 of its levels.

You collected 52 gold pieces.

Inventory:

Hand Weapons
 a - a +0 spear (weapon)
Armour
 b - a +0 leather armour
 f - a +0 robe (worn)
Jewellery
 h - a cursed -2 ring of intelligence (left hand)
 l - a cursed amulet of inaccuracy (around neck)
Scrolls
 j - a scroll of amnesia
 p - a scroll of identify
Potions
 e - a potion of ambrosia
 k - a potion of curing {unknown}
 m - a potion of heal wounds {unknown}
 n - a potion of brilliance {unknown}
 o - a potion of degeneration {unknown}
Books
 c - a book of Battle

   Spells                             Type                      Level
   a - Infusion                       Charms                       1
   b - Shroud of Golubria             Charms/Translocation         2
   c - Song of Slaying                Charms                       2
   d - Spectral Weapon                Hexes/Charms                 3
   e - Regeneration                   Charms/Necromancy            3
 i - a book of the Warp

   Spells                             Type                      Level
   a - Recall                         Summoning/Translocation      3
   b - Gell's Gravitas                Hexes/Translocation          3
   c - Force Lance                    Conjuration/Translocation    4
   d - Warp Weapon                    Charms/Translocation         5
   e - Summon Forest                  Summoning/Translocation      5
Comestibles
 d - a bread ration
 g - 5 meat rations


   Skills:
 - Level 2.1 Fighting
 + Level 6.6 Polearms
 - Level 0.6 Armour
 - Level 1.3 Dodging
 - Level 2.0 Spellcasting
 - Level 3.2 Charms


You had 2 spell levels left.
You knew the following spells:

 Your Spells              Type           Power        Failure   Level  Hunger
a - Infusion              Chrm           #...         12%         1    ##.....
b - Song of Slaying       Chrm           #.......     14%         2    ###....
c - Shroud of Golubria    Chrm/Tloc      #.........   28%         2    ###....


Dungeon Overview and Level Annotations

Branches:
Dungeon (2/15)

Altars:


Message History

* * * LOW HITPOINT WARNING * * *
You feel sick. The adder barely misses you.
You miss the adder.
The adder is almost dead.
* * * LOW HITPOINT WARNING * * *
You feel sick. The adder bites you.
* * * LOW HITPOINT WARNING * * *
You are more poisoned.
The adder poisons you!
Unknown command.
You barely miss the adder.
The adder is almost dead.
* * * LOW HITPOINT WARNING * * *
You feel sick. The adder bites you.
* * * LOW HITPOINT WARNING * * *
You are more poisoned.
The adder poisons you!
You closely miss the adder.
The adder is almost dead.
You die...

#.##....#.# #..##.#######.#.##.#
#.##....#.####.......# #.#.##.#
##'##...............#.# #.#.##..
#....(.........#.#..#.# #.#.##..
#..............+....#.# #.#.##..
#..............#....#.# #.......
#..............#.<(.#.######.###.
#..............#.#..#............
#..............'@.....######.###.
#..............##S..#.# #.# #.
#.............)##...#.# #.###.
#...............)...#+# #.....
#........................ #####.
#.................>.....# ##
.........######.........# #
########## #..........# #
#...........


You could see an adder.

Vanquished Creatures
  3 adders (D:2)
  2 oozes
  2 worms (D:2)
  A giant gecko (D:1)
  A giant cockroach (D:1)
  6 goblins
  5 hobgoblins
  5 bats
  A giant newt (D:1)
  9 kobolds
  4 rats
39 creatures vanquished.

Notes
Turn   | Place    | Note
--------------------------------------------------------------
     0 | D:1      | RedPan the Merfolk Skald began the quest for the Orb.
     0 | D:1      | Reached XP level 1. HP: 16/16 MP: 3/3
    89 | D:1      | Reached skill level 4 in Polearms
    89 | D:1      | Reached XP level 2. HP: 15/22 MP: 5/5
   707 | D:1      | Reached skill level 5 in Polearms
   707 | D:1      | Reached XP level 3. HP: 25/27 MP: 6/6
  1701 | D:2      | Reached skill level 6 in Polearms
  1822 | D:2      | Reached XP level 4. HP: 22/33 MP: 2/7
  1971 | D:2      | Learned a level 2 spell: Song of Slaying
  1974 | D:2      | Learned a level 2 spell: Shroud of Golubria
  2538 | D:2      | HP: 1/33 [adder (1)]
  2539 | D:2      | Succumbed to an adder's poison

Vault maps used:
D:1:      wheals_arrival_shading
D:2:      gammafunk_temple_overflow_elements

Action                   |  1- 3 |  4- 6 || total
-------------------------+-------+-------++-------
Melee: Spear             |   122 |    54 ||   176
 Cast: Infusion          |     4 |     2 ||     6
  Use: Scroll            |     3 |     1 ||     4
 Stab: Sleeping          |     1 |       ||     1
  Eat: Chunk             |     1 |     1 ||     2
       Fruit             |       |     3 ||     3
